 Dungeon Crawl Stone Soup version 0.21-a0-85-ga0cb861 (webtiles) character file.

670 nikopol the Magician (level 7, -5/36 HPs)
             Began as a Deep Elf Fire Elementalist on June 25, 2017.
             Slain by an orc warrior
             ... wielding a +0 dire flail
              (16 damage)
             ... on level 5 of the Dungeon.
             The game lasted 00:17:22 (4758 turns).

nikopol the Magician (Deep Elf Fire Elementalist)   Turns: 4758, Time: 00:17:23

Health: -5/36      AC:  2    Str:  5    XL:     7   Next: 32%
Magic:  12/18      EV: 13    Int: 22    God:
Gold:   280        SH:  3    Dex: 15    Spells: 7/18 levels left

rFire    + . .     SeeInvis .   q - +0 short sword
rCold    . . .     Gourm    .   (no shield)
rNeg     . . .     Faith    .   a - +0 robe
rPois    .         Spirit   .   (no helmet)
rElec    .         Reflect  +   (no cloak)
rCorr    .         Harm     .   (no gloves)
MR       .....                  (no boots)
Stlth    +++.......             g - +3 amulet of reflection
HPRegen  0.12/turn              n - ring of protection from fire
MPRegen  0.16/turn              (no ring)

@: no status effects
A: no striking features
a: no special abilities


You were on level 5 of the Dungeon.
You were not hungry.

You visited 1 branch of the dungeon, and saw 6 of its levels.

You collected 280 gold pieces.

Inventory:

Hand Weapons
 q - a +0 short sword (weapon)
Missiles
 m - a throwing net (quivered)
Armour
 a - a +0 robe (worn)
Jewellery
 g - a +3 amulet of reflection (around neck)
 n - a ring of protection from fire (left hand)
 r - an uncursed amulet of the gourmand {unknown}
Wands
 v - a wand of iceblast (5/15)
Scrolls
 e - 2 scrolls of fear {unknown}
 f - 4 scrolls of remove curse {unknown}
 h - a scroll of blinking {unknown}
 j - 2 scrolls of enchant armour {unknown}
 k - a scroll of noise {unknown}
 p - 4 scrolls of identify {unknown}
 s - a scroll of random uselessness {unknown}
Potions
 i - 3 potions of heal wounds {unknown}
 l - a potion of degeneration {unknown}
 o - 4 potions of curing {unknown}
 u - a potion of magic {unknown}
Books
 b - a book of Flames

   Spells                             Type                      Level
   a - Flame Tongue                   Conjuration/Fire             1
   b - Throw Flame                    Conjuration/Fire             2
   c - Conjure Flame                  Conjuration/Fire             3
   d - Inner Flame                    Hexes/Fire                   3
   e - Sticky Flame                   Conjuration/Fire             4
   f - Fireball                       Conjuration/Fire             5
Comestibles
 c - 5 bread rations
 d - 2 meat rations
 t - a royal jelly
 w - 2 fruits


   Skills:
 + Level 0.1 Fighting
 + Level 3.2 Dodging
 + Level 4.1 Stealth
 + Level 6.4 Spellcasting
 + Level 4.1 Conjurations
 + Level 5.9 Fire Magic


You had 7 spell levels left.
You knew the following spells:

 Your Spells              Type           Power        Failure   Level  Hunger
a - Flame Tongue          Conj/Fire      ####.        1%          1    None
b - Throw Flame           Conj/Fire      ####..       1%          2    None
c - Conjure Flame         Conj/Fire      ####....     3%          3    #......
d - Fireball              Conj/Fire      ####......   30%         5    #####..


Dungeon Overview and Level Annotations

Branches:
Dungeon (6/15)
 Temple: D:4-7

Altars:
Elyvilon
Hepliaklqana
Qazlal
Xom
Yredelemnul


Message History

Aim: an orc, wielding a mace The flame tongue hits the orc.
You kill the orc!
Casting: Flame Tongue
Confirm with . or Enter, or press ? or * to list all spells.
Aiming: Flame Tongue
Press: ? - help, Shift-Dir - straight line, f - orc warrior
Aim: an orc warrior, wielding a dire flail and wearing a plate armour The flame tongue hits the orc warrior.
The orc warrior is moderately wounded.
The orc warrior misses you.
Casting: Flame Tongue
Confirm with . or Enter, or press ? or * to list all spells.
Aiming: Flame Tongue
Press: ? - help, Shift-Dir - straight line, f/p - orc warrior
Aim: an orc warrior, wielding a dire flail and wearing a plate armour (moderately wounded)
The flame tongue hits the orc warrior.
The orc warrior is heavily wounded.
The orc warrior hits you with a dire flail!
You die...

.# #.....######..#+#.......#...#.
.###.........##................#.
.............'........#........#.
.............##..................
.........#....#.........##....#..
#....#####....#.).......##....#..
.....# #....#zo.......##....###
###### #....##o###....####### #
####.##@# #.#### # #.#### #.# #
#.# #.# # #.######.# #........#
##########


You could see an orc warrior, a wight and an orc.

Vanquished Creatures
  Grinder (D:3)
  An ogre (D:5)
  A wight (D:5)
  A centaur zombie (D:5)
  An orc wizard (D:4)
  Jessica (D:3)
  Natasha (D:3)
  A worker ant (D:4)
  3 gnolls (D:4)
  6 adders
  3 worms
  A dart slug (D:3)
  3 leopard geckos
  13 orcs
  6 bats
  3 giant cockroaches
  4 goblins
  6 hobgoblins
  6 jackals
  3 quokkas
  5 frilled lizards
  4 kobolds
  A leopard gecko skeleton (D:4)
  5 rats
80 creatures vanquished.

Vanquished Creatures (others)
  An orc wizard (D:4)
1 creature vanquished.

Grand Total: 81 creatures vanquished

Notes
Turn   | Place    | Note
-------+----------+-------------------------------------------
     0 | D:1      | nikopol the Deep Elf Fire Elementalist began the quest for the Orb.
     0 | D:1      | Reached XP level 1. HP: 10/10 MP: 6/6
     2 | D:1      | Noticed a merfolk
     2 | D:1      | Noticed a ghoul
     4 | D:1      | Noticed a demonspawn
     4 | D:1      | Noticed an elf
     6 | D:1      | Noticed a felid
     6 | D:1      | Noticed a vampire
     8 | D:1      | Noticed a gargoyle
    10 | D:1      | Noticed a tengu
    12 | D:1      | Noticed a vine stalker
    12 | D:1      | Noticed a dwarf
    14 | D:1      | Noticed a draconian
    16 | D:1      | Noticed a naga
    18 | D:1      | Noticed a centaur
    18 | D:1      | Noticed a spriggan
    20 | D:1      | Noticed a human
    20 | D:1      | Noticed a halfling
    22 | D:1      | Noticed an octopode
    22 | D:1      | Noticed a demigod
    24 | D:1      | Noticed an ogre
    24 | D:1      | Noticed a formicid
    26 | D:1      | Noticed a minotaur
    26 | D:1      | Noticed a troll
   216 | D:1      | Reached XP level 2. HP: 15/15 MP: 5/8
   794 | D:2      | Reached skill level 4 in Spellcasting
   794 | D:2      | Reached XP level 3. HP: 19/19 MP: 5/10
  1424 | D:3      | Noticed Natasha
  1567 | D:3      | Reached XP level 4. HP: 22/24 MP: 7/12
  1702 | D:3      | Noticed Grinder
  1885 | D:2      | Learned a level 2 spell: Throw Flame
  1889 | D:2      | Learned a level 3 spell: Conjure Flame
  1933 | D:3      | Noticed Jessica
  1992 | D:3      | Killed Jessica
  2371 | D:3      | Killed Natasha
  2371 | D:3      | Reached XP level 5. HP: 28/28 MP: 4/14
  2658 | D:3      | Paralysed by Grinder for 4 turns
  2662 | D:3      | Killed Grinder
  2662 | D:3      | Reached skill level 5 in Spellcasting
  2662 | D:3      | Reached skill level 5 in Fire Magic
  2662 | D:3      | Reached XP level 6. HP: 8/32 MP: 3/16
  2669 | D:3      | Learned a level 5 spell: Fireball
  3642 | D:4      | Found a white marble altar of Elyvilon.
  3706 | D:4      | Found a basalt altar of Yredelemnul.
  3926 | D:5      | Entered Level 5 of the Dungeon
  3996 | D:5      | Reached XP level 7. HP: 28/36 MP: 9/17
  4088 | D:5      | Found a hazy altar of Hepliaklqana.
  4091 | D:5      | Found a shimmering altar of Xom.
  4092 | D:5      | Noticed a spectral ugly thing
  4349 | D:5      | Reached skill level 6 in Spellcasting
  4369 | D:5      | Found a stormy altar of Qazlal.
  4758 | D:5      | Slain by an orc warrior

Vault maps used:
D:1:      kb_arrival_jail
D:3:      uniq_natasha, uniq_jessica, uniq_grinder
D:4:      kennysheep_ying_yang, first_bread, hangedman_abyss_or_decor_passed
D:5:      lemuel_upstairs_altar, regret_index_temple_of_mockery,
          nicolae_qazlal_eye_of_the_storm
D:6:      temple_doors_e

Skill      XL: |  1  2  3  4  5  6  7 |
---------------+----------------------+-----
Spellcasting   | 4 5 6 |  6.4
Fire Magic     | 4 5 |  5.9
Stealth        | 3 4 |  4.1
Conjurations   | 3 4 |  4.1
Dodging        | 3 |  3.2
Fighting       | |  0.1

Action                   |  1- 3 |  4- 6 |  7- 9 || total
-------------------------+-------+-------+-------++-------
 Cast: Flame Tongue      |    60 |    88 |    18 ||   166
       Throw Flame       |       |     7 |     4 ||    11
       Conjure Flame     |       |     5 |       ||     5
       Fireball          |       |     1 |       ||     1
  Eat: Chunk             |     1 |     9 |     1 ||    11
       Fruit             |       |       |     1 ||     1
Armor: Robe              |     3 |     1 |     2 ||     6
Dodge: Dodged            |    17 |    13 |    10 ||    40
Block: Other             |     1 |     1 |     3 ||     5
